 Dungeon Crawl Stone Soup version 0.29-a0-1027-gcd8c55af63 (webtiles) character file.

Game seed: 7129125700611007881

250 ragingrage the Chopper (level 5, -12/41 HPs)
             Began as a Demonspawn Chaos Knight on Aug 13, 2022.
             Was a Plaything of Xom.
             Killed from afar by a steam dragon (21 damage)
             ... with a ball of steam
             ... on level 4 of the Dungeon.
             The game lasted 00:04:21 (3735 turns).

ragingrage the Chopper (Demonspawn Chaos Knight)    Turns: 3735, Time: 00:04:21

Health: -12/41     AC:  7    Str: 15    XL:     5   Next: 88%
Magic:  5/5        EV: 11    Int: 13    God:    Xom [.*....]
Gold:   161        SH:  0    Dex: 12    Spells: 4/4 levels left

rFire   . . .      SeeInvis .   a - +0 hand axe (chaos)
rCold   . . .      Faith    .   (no shield)
rNeg    . . .      Spirit   .   b - +2 leather armour
rPois   .          Reflect  .   (helmet restricted)
rElec   .          Harm     .   m - +0 cloak
rCorr   .          Rampage  .   g - +0 pair of gloves
Will    .....                   (no boots)
Stlth   +.........              (no amulet)
HPRegen 0.13/turn               (no ring)
MPRegen 0.09/turn               (no ring)

@: no status effects
A: antennae 1, ignite blood 2, spiny 1
a: Renounce Religion


You were on level 4 of the Dungeon.
You worshipped Xom.
You were a plaything of Xom.
You visited 1 branch of the dungeon, and saw 4 of its levels.

You collected 161 gold pieces.

Inventory:

Hand Weapons
 a - a +0 hand axe of chaos (weapon)
Missiles
 t - a poisoned dart (quivered)
Armour
 b - a +2 leather armour (worn)
 g - a +0 pair of gloves (worn)
 m - a +0 cloak (worn)
Scrolls
 i - 2 scrolls of fog {unknown}
 k - 5 scrolls of identify {unknown}
 l - a scroll of vulnerability {unknown}
 o - a scroll of summoning {unknown}
 p - a scroll of poison {unknown}
 q - a scroll of enchant armour {unknown}
 r - a scroll of immolation {unknown}
Potions
 d - a potion of heal wounds
 e - a potion of magic {unknown}
 f - 2 potions of attraction {unknown}
 h - 4 potions of degeneration {unknown}
 j - a potion of lignification {unknown}
 s - a potion of curing {unknown}
Miscellaneous
 c - a piece from Xom's chessboard (15/15)


   Skills:
 - Level 3.0 Fighting
 + Level 6.1 Axes
 - Level 1.7 Armour
 - Level 0.8 Dodging


You had 4 spell levels left.
You didn't know any spells.
Your spell library was empty.

Dungeon Overview and Level Annotations

Branches:
Dungeon (4/15)
 Temple: D:4-7

Altars:
Ru

Shops:
D:1 *   D:4 *

Annotations:
D:4 exclusion: 2 doors


Innate Abilities, Weirdness & Mutations

You have a pair of small antennae on your head.
Your demonic aura often causes spilled blood to erupt in flames.
You are partially covered in sharp spines.


Message History

The ball of steam misses you.
There is a stone staircase leading up here.
Unknown command.
You hit the steam dragon.
The steam dragon easily resists.
The steam dragon is lightly wounded.
The steam dragon is struck by your spines.
The steam dragon misses you. x2
You barely miss the steam dragon.
The steam dragon is moderately wounded.
The steam dragon bites you but does no damage.
The steam dragon claws you.
You barely miss the steam dragon.
The steam dragon is moderately wounded.
The steam dragon is struck by your spines.
The steam dragon bites you. The steam dragon claws you.
You hit the steam dragon.
The steam dragon seems to speed up.
Xom is highly amused!
The steam dragon is heavily wounded.
The steam dragon bites you!
The steam dragon claws you but does no damage.
The steam dragon breathes steam at you. The ball of steam hits you!
A shower of butterflies erupts from you!
You hit the steam dragon. Your punch misses the steam dragon.
The steam dragon is heavily wounded.
Your butterfly is engulfed in a cloud of scalding steam.
Your butterfly dies!
Your butterfly disappears in a puff of smoke!
The steam dragon bites you.
* * * LOW HITPOINT WARNING * * *
The steam dragon claws you.
* * * LOW HITPOINT WARNING * * *
Your butterfly is engulfed in a cloud of scalding steam.
Your butterfly dies!
Your butterfly disappears in a puff of smoke!
The steam dragon breathes steam at you. The ball of steam hits you!!
Ouch! That really hurt!
You die...
Xom chortles!

##+##....#
#......### #......#
#......#
##......############
###'##'##..#.)b....#
....+......#....b§.#
....#......#..D○.§§#
....#......#b..§@§.#
######.###'#§......#
######.#.....#######
.......'.....#
.......#.....#
.......#.....#
####D###.....#
####...#.....#
.......#.....#


You could see a steam dragon (fast, catching breath, ally target).

Vanquished Creatures
  A howler monkey (D:3)
  A jelly (D:4)
  2 iguanas (D:4)
  Natasha (D:4)
  2 adders
  4 gnolls
  A dart slug (D:4)
  An orc (D:4)
  3 endoplasms
  A giant cockroach (D:2)
  6 goblins
  9 hobgoblins
  10 jackals
  5 quokkas
  5 ball pythons
  6 bats
  3 frilled lizards
  6 kobolds
  5 rats
72 creatures vanquished.

Vanquished Creatures (collateral kills)
  A lemure (D:4)
1 creature vanquished.

Vanquished Creatures (others)
  A ball python (D:4)
  A jackal (D:4)
  A kobold zombie (D:1)
3 creatures vanquished.

Grand Total: 76 creatures vanquished

Notes
Turn   | Place    | Note
-------+----------+-------------------------------------------
     0 | D:1      | ragingrage the Demonspawn Chaos Knight began the quest for
                  | the Orb.
     0 | D:1      | Reached XP level 1. HP: 18/18 MP: 1/1
   158 | D:1      | Reached skill level 3 in Axes
   241 | D:1      | Found Cijics's Assorted Antiques.
   252 | D:1      | Gained mutation: Your demonic aura sometimes causes spilled
                  | blood to erupt in flames. [demonic ancestry]
   252 | D:1      | Reached XP level 2. HP: 24/24 MP: 2/2
   421 | D:1      | XOM: silly message
   429 | D:1      | XOM: divination: detect items
   656 | D:1      | XOM: silly message
  1082 | D:2      | Gained mutation: You are partially covered in sharp spines.
                  | [demonic ancestry]
  1082 | D:2      | Reached XP level 3. HP: 29/29 MP: 3/3
  1234 | D:2      | Reached skill level 4 in Axes
  1278 | D:2      | XOM: 7-stop teleportation journey
  1766 | D:3      | Found a sacrificial altar of Ru.
  2092 | D:3      | XOM: silly message
  2176 | D:3      | Gained mutation: You have a pair of small antennae on your
                  | head. [demonic ancestry]
  2176 | D:3      | Reached XP level 4. HP: 31/35 MP: 4/4
  2359 | D:4      | Reached skill level 5 in Axes
  2387 | D:4      | Found Femnei's Serpentskin Sales.
  2387 | D:4      | Noticed a water moccasin
  2390 | D:4      | Noticed Natasha
  2516 | D:4      | Killed Natasha
  2517 | D:4      | Gained mutation: Your demonic aura often causes spilled
                  | blood to erupt in flames. [demonic ancestry]
  2517 | D:4      | Reached XP level 5. HP: 41/41 MP: 5/5
  2730 | D:4      | Xom revived you
  3018 | D:4      | XOM: 1-stop teleportation journey
  3024 | D:4      | XOM: confusion (+ monsters)
  3033 | D:4      | Noticed a steam dragon
  3033 | D:4      | a gnoll bouda changed into a steam dragon
  3033 | D:4      | XOM: polymorph gnoll bouda -> steam dragon
  3039 | D:4      | Noticed a lemure
  3054 | D:3      | Reached skill level 6 in Axes
  3305 | D:4      | Noticed a lemure
  3307 | D:4      | XOM: cleaving
  3331 | D:4      | XOM: cast spell 'Summon Mana Viper'
  3338 | D:4      | Killed a lemure
  3733 | D:4      | XOM: butterfly on damage
  3735 | D:4      | Killed from afar by a steam dragon

Illustrated notes

Levels and vault maps discovered:
D:1:      mrwooster_arrival_statue, layout_basic, serial_shops,
          nicolae_shop_hallway_stairs, grunt_decor_junction, minmay_door_square,
          chequers_serial_rivers_marsh
D:2:      layout_basic
D:3:      layout_loops_ring, lemuel_tele_altar
D:4:      layout_gridville, jmf_multi_god_temple2, xom_confusion_cloud,
          guppyfry_shop_venom, uniq_duvessa, uniq_natasha, uniq_pikel

Skill      XL: |  1  2  3  4  5 |
---------------+----------------+-----
Axes           | 3 4 5 6 |  6.1
Fighting       | |  3.0
Armour         | |  1.7
Dodging        | |  0.8

Action                   |  1- 3 |  4- 6 || total
-------------------------+-------+-------++-------
Melee: Hand axe          |   113 |    48 ||   161
Throw: Dart              |       |     3 ||     3
  Use: Potion            |       |     1 ||     1
Armor: Leather armour    |    54 |    14 ||    68
Dodge: Dodged            |    72 |    27 ||    99

Table legend: (Time is in decaauts)
 A = Elapsed time spent in this place.
 B = Non-inter-level travel time spent in this place.
 C = Inter-level travel time spent in this place.
 D = Time resting spent in this place.
 E = Time spent auto-exploring this place.
 F = Levels seen in this place.
 G = Mean time per level.
                   A        B        C        D        E       F      G
               +--------+--------+--------+--------+--------+-----+--------+
         Total |   3769 |   3584 |    185 |   1019 |   1959 |   4 |  942.2 |
       Dungeon |   3769 |   3584 |    185 |   1019 |   1959 |   4 |  942.2 |
               +--------+--------+--------+--------+--------+-----+--------+

Top non-repeatable levels by time:
     D:3: 1511 daAuts
     D:1: 884 daAuts
     D:2: 851 daAuts
     D:4: 522 daAuts
